AoeStats
← OhyehAJ

Arabia

503831925Analyzed
1v1 RM · 1mo ago on Sep 2, 2026· 41m 9s· 2 players
Game mode
Random Map
Map size
Tiny (2 player)
Population
200
Speed
Normal
Resources
Standard
Victory
Conquest
Starting age
Dark Age
Ending age
Imperial Age
RankedLock teamsTeams togetherTeam positionsShared explorationLock speedFull tech treeHidden civsTurbo modeCheats
Victory
Defeat
🇬🇧 Franks · United Kingdom
979
+17
🇵🇪 Lithuanians · Peru
998
-17
OhyehAJ
10:28 Feudal Age
8:44 Loom
15:32 Castle Age
13:42 Double-Bit Axe
15:10 Forging
15:06 Scale Barding Armor
22:16 Gold Mining
23:01 Fervor
28:18 Chain Barding Armor
28:09 Husbandry
28:41 Sanctity
29:03 Wheelbarrow
31:43 Bow Saw
32:32 Iron Casting
36:49 Imperial Age
34:24 Fletching
34:43 Scale Mail Armor
36:35 Town Watch
37:05 Hand Cart
37:47 Stone Mining
38:33 Gold Shaft Mining
38:16 Bodkin Arrow
38:22 Padded Archer Armor
38:58 Plate Barding Armor
39:24 Blast Furnace
40:18 Chemistry
39:39 Ballistics
39:15 Murder Holes
39:32 Man-at-Arms
TywinLannister
6:23 Loom
10:30 Feudal Age
18:30 Castle Age
16:49 Double-Bit Axe
18:17 Horse Collar
18:49 Forging
23:23 Pikeman
32:24 Sanctity
32:16 Fervor
32:17 Redemption
32:18 Devotion
36:45 Squires
36:48 Scale Mail Armor
39:06 Iron Casting
40:48 Chain Mail Armor
Connection lost

Rejoining the realm…

Still unreachable

The connection could not be restored.

Session expired

The server has moved on; the page needs a fresh start.